 Dungeon Crawl Stone Soup version 0.24.0-2-g5b39cebb1c (webtiles) character file.

Game seed: 8995533410692253114, levelgen mode: deterministic

2215 mortelune the Transmogrifier (level 9, -4/70 HPs)
             Began as a Naga Transmuter on Oct 30, 2019.
             Killed from afar by Maurice (15 damage)
             ... with an iceblast
             ... on level 8 of the Dungeon.
             The game lasted 00:26:36 (11969 turns).

mortelune the Transmogrifier (Naga Transmuter)     Turns: 11969, Time: 00:26:36

Health: -4/70      AC:  4    Str: 14    XL:     9   Next: 35%
Magic:  10/15      EV: 10    Int: 16    God:
Gold:   387        SH:  0    Dex: 11    Spells: 1/16 levels left

rFire    . . .     SeeInvis +     - Unarmed
rCold    + . .     Gourm    .   (shield currently unavailable)
rNeg     + . .     Faith    .   r - +0 leather armour
rPois    +         Spirit   .   (no helmet)
rElec    .         Reflect  .   (no cloak)
rCorr    .         Harm     .   (gloves currently unavailable)
MR       +....                  (no barding)
Stlth    +.........             (no amulet)
HPRegen  0.21/turn              j - ring of positive energy
MPRegen  0.14/turn              i - ring of protection from cold

@: blade hands, very slightly contaminated, very slow
A: large, see invisible, deformed body, sense surroundings 1, poison resistance,
slowness 2, slow metabolism 1, spit poison 1, sturdy frame 1, AC +3
a: Spit Poison, End Transformation


You were on level 8 of the Dungeon.
You were near starving.
You had blades for hands.
You visited 2 branches of the dungeon, and saw 9 of its levels.

You collected 387 gold pieces.

Inventory:

Hand Weapons
 e - a +0 short sword (melded)
 B - the cursed +1 dagger of Prudence {antimagic, *Rage +Fly Str+2 Stlth+}
   (You found it on level 5 of the Dungeon)

   It reduces the magical energy of the wielder, and disrupts the spells and
   magical abilities of those hit.
   Natural abilities and divine invocations are not affected.
   It affects your strength (+2).
   It lets you fly.
   It may make you go berserk in combat.
   It makes you more stealthy.
   It has a curse placed upon it.
 H - a +2 long sword
Missiles
 a - 40 arrows
 f - 19 poisoned darts (quivered)
 l - 4 boomerangs
 G - a throwing net
Armour
 r - a +0 leather armour (worn)
 t - a +0 pair of gloves (melded)
 u - a +0 shield
Jewellery
 i - a ring of protection from cold (right scythe-like blade)
 j - a ring of positive energy (left scythe-like blade)
 s - an uncursed ring of ice
Wands
 y - a wand of acid (10)
Scrolls
 c - 2 scrolls of identify
 g - 3 scrolls of remove curse
 k - 2 scrolls of random uselessness
 m - 4 scrolls of teleportation
 p - 3 scrolls of fog
 v - 3 scrolls of noise
 x - a scroll of fear
 z - a scroll of magic mapping {unknown}
 A - a scroll of silence
 C - a scroll of amnesia {unknown}
 D - a scroll of immolation {unknown}
 E - a scroll of vulnerability {unknown}
 J - a scroll of enchant weapon {unknown}
 L - a scroll of enchant armour {unknown}
Potions
 h - 4 potions of heal wounds
 o - 2 potions of degeneration
 q - 6 potions of curing
 w - a potion of cancellation
 F - 2 potions of haste
 I - a potion of resistance {unknown}
 K - a potion of brilliance {unknown}
Comestibles
 d - 5 rations


   Skills:
 - Level 1.0 Fighting
 + Level 2.9 Dodging
 + Level 6.4 Unarmed Combat
 - Level 4.2 Spellcasting
 * Level 9.6 Transmutations


You had one spell level left.
You knew the following spells:

 Your Spells              Type           Power        Failure   Level  Hunger
a - Beastly Appendage     Tmut           ####..       10%         1    None
b - Spider Form           Tmut/Pois      ###.......   38%         3    ###....
c - Sticks to Snakes      Tmut           ####....     12%         2    ##.....
d - Blade Hands           Tmut           ####......   43%         5    ######.
e - Ice Form              Ice/Tmut       ###.....     67%         4    ####...

Your spell library contained the following spells:

 Spells                   Type           Power        Failure   Level  Hunger


Dungeon Overview and Level Annotations

Branches:
Dungeon (8/15)             Temple (1/1) D:6
   Lair: D:8-11

Altars:
Ashenzari
Cheibriados
Dithmenos
Gozag
Hepliaklqana
Kikubaaqudgha
Makhleb
Qazlal
Sif Muna
Uskayaw
Vehumet
Wu Jian
Xom
Yredelemnul
Zin
The Shining One

Portals:
Bailey: D:8

Annotations:
D:3 1 runed translucent door, Crazy Yiuf
D:4 2 runed translucent doors, Erac's ghost, amateur MfTm
D:8 Maurice


Innate Abilities, Weirdness & Mutations

You cannot wear boots.
Your serpentine skin is tough. (AC +3)
You have supernaturally acute eyesight. (SInv)
Armour fits poorly on your strangely shaped body.
Your system is resistant to poisons. (rPois)
You cover ground very slowly.
You have a slow metabolism.
You can spit poison.
You passively map a small area around you.
Your movements are slightly less encumbered by armour. (ER -2)


Message History

The gnoll sergeant hits you with a +0 spear!
You hit the gnoll sergeant but do no damage.
The gnoll sergeant hits you with a +0 spear!
The gnoll hits you from afar with a +0 halberd!
You barely miss the gnoll sergeant.
The gnoll sergeant hits you with a +0 spear!
You slice the gnoll sergeant!!
You kill the gnoll sergeant!
The gnoll hits you from afar with a +0 halberd!
* * * LOW HITPOINT WARNING * * *
Maurice shouts!
Maurice mumbles some strange words.
Maurice flickers and vanishes for a moment.
Things that are here:
a +0 spear; an adder corpse; a gnoll corpse The gnoll closely misses you.
You see here a +0 club.
Maurice zaps a wand.
The mass of ice explodes!
The iceblast engulfs you! You partially resist.
You die...

## .. ** * ##.
.#** ..#.# ...
*** . * *#)# , ..
, #.# * .., ,
#g###.### ,
#))......
#@)@..... ,**
#<.##.### ,
#.....### *
#..(....# *
#.^.....## * ,
#........## *
#,#.........##.
##.#........../.
.[..........)..#,
,,


You could see Maurice (invisible) and a gnoll.

Vanquished Creatures
  Sigmund (D:2)
  A phantom (D:7)
  2 ogres
  A centaur (D:8)
  2 bullfrogs
  Blork the orc (D:6)
  A gnoll sergeant (D:8)
  4 scorpions
  10 wights
  2 howler monkeys (D:4)
  A crimson imp (D:5)
  5 hounds
  A centaur skeleton (D:5)
  An orc priest (D:4)
  2 iguanas
  An iron imp (D:7)
  Jessica (D:2)
  An orc wizard (D:2)
  Natasha (thrice) (D:2)
  3 worker ants
  A hound skeleton (D:6)
  Robin (D:2)
  8 adders
  4 gnolls (D:8)
  An adder zombie (D:6)
  2 worms
  A dart slug (D:1)
  4 leopard geckos
  7 orcs
  A ball python (D:5)
  7 bats
  6 giant cockroaches
  13 goblins
  12 hobgoblins
  17 jackals
  3 quokkas
  4 frilled lizards
  A jackal zombie (D:5)
  7 kobolds
  A leopard gecko skeleton (D:6)
  A quokka skeleton (D:6)
  A quokka zombie (D:6)
  8 rats (D:1)
  A fungus (D:3)
156 creatures vanquished.

Vanquished Creatures (collateral kills)
  A worker ant (D:4)
  2 adders (D:2)
  A kobold (D:2)
4 creatures vanquished.

Vanquished Creatures (others)
  A jackal (D:8)
1 creature vanquished.

Grand Total: 161 creatures vanquished

Notes
Turn   | Place    | Note
-------+----------+-------------------------------------------
     0 | D:1      | mortelune the Naga Transmuter began the quest for the Orb.
     0 | D:1      | Reached XP level 1. HP: 18/18 MP: 3/3
   557 | D:1      | Reached XP level 2. HP: 19/25 MP: 5/5
  1106 | D:1      | Reached skill level 3 in Transmutations
  1434 | D:1      | Reached XP level 3. HP: 5/31 MP: 4/6
  1437 | D:1      | HP: 1/31 [jackal (1)]
  1466 | D:1      | Learned a level 3 spell: Spider Form
  2179 | D:1      | Learned a level 2 spell: Sticks to Snakes
  2256 | D:2      | Reached skill level 4 in Transmutations
  2679 | D:2      | Reached XP level 4. HP: 38/38 MP: 0/7
  3568 | D:2      | Noticed Sigmund
  3758 | D:2      | Reached skill level 5 in Transmutations
  3788 | D:2      | Noticed Natasha
  3795 | D:2      | Reached XP level 5. HP: 37/44 MP: 2/8
  3821 | D:2      | Killed Natasha
  3905 | D:2      | Noticed Natasha
  3914 | D:2      | Killed Natasha
  4058 | D:2      | Noticed Robin
  4067 | D:2      | Killed Robin
  4302 | D:2      | Gained mutation: You expend magic power (3 MP) to
                  | strengthen your wands. [potion of mutation]
  4302 | D:2      | Gained mutation: Your mind is acute. (Int +2) [potion of
                  | mutation]
  4303 | D:2      | Lost mutation: You expend magic power (3 MP) to strengthen
                  | your wands. [potion of mutation]
  4303 | D:2      | Lost mutation: Your mind is acute. (Int +2) [potion of
                  | mutation]
  4303 | D:2      | Gained mutation: Your movements are slightly less
                  | encumbered by armour. (ER -2) [potion of mutation]
  4303 | D:2      | Gained mutation: You passively map a small area around you.
                  | [potion of mutation]
  4642 | D:3      | Found a basalt altar of Yredelemnul.
  5154 | D:3      | Found a runed translucent door.
  5155 | D:3      | Noticed Crazy Yiuf
  5288 | D:4      | Reached skill level 6 in Transmutations
  5288 | D:4      | Reached XP level 6. HP: 51/51 MP: 2/9
  5694 | D:4      | Found a large runed translucent door.
  5694 | D:4      | Found a large runed translucent door.
  6293 | D:4      | Reached XP level 7. HP: 44/57 MP: 6/12
  7067 | D:4      | Noticed Erac's ghost (amateur MfTm)
  7191 | D:5      | Entered Level 5 of the Dungeon
  7204 | D:4      | Reached skill level 7 in Transmutations
  7304 | D:5      | Learned a level 5 spell: Blade Hands
  7448 | D:5      | Got a crystal dagger
  7475 | D:5      | Identified the cursed +1 dagger of Prudence {antimagic,
                  | *Rage +Fly Str+2 Stlth+} (You found it on level 5 of the
                  | Dungeon)
  7664 | D:5      | Found an ornate altar of the Wu Jian Council.
  7959 | D:6      | Found a staircase to the Ecumenical Temple.
  8042 | Temple   | Entered the Ecumenical Temple
  8310 | D:6      | Reached XP level 8. HP: 64/64 MP: 10/14
  8355 | D:6      | Found a burning altar of Makhleb.
  8368 | D:6      | Noticed Blork the orc
  8377 | D:6      | Killed Blork the orc
  8498 | D:6      | Found a hazy altar of Hepliaklqana.
  8677 | D:6      | Reached skill level 8 in Transmutations
  8956 | D:6      | Learned a level 4 spell: Ice Form
  8993 | D:6      | Reached skill level 5 in Unarmed Combat
 10467 | D:7      | Reached skill level 9 in Transmutations
 10467 | D:7      | Reached XP level 9. HP: 70/70 MP: 12/15
 10643 | D:7      | Found a snail-covered altar of Cheibriados.
 11329 | D:2      | Killed Sigmund
 11365 | D:2      | Noticed Jessica
 11365 | D:2      | Noticed Natasha
 11367 | D:2      | Killed Jessica
 11373 | D:2      | Killed Natasha
 11437 | D:2      | Found a shimmering blue altar of Sif Muna.
 11656 | D:8      | Found a flagged portal.
 11656 | D:8      | Noticed Maurice
 11969 | D:8      | Killed from afar by Maurice

Levels and vault maps discovered:
D:1:      minmay_arrival_open_corners, layout_basic
D:2:      layout_loops_ring, marbit_many_paths, uniq_jessica, uniq_sigmund,
          uniq_robin, uniq_natasha
D:3:      layout_rooms, lemuel_round_altar, first_ration,
          uniq_crazy_yiuf_cottage
D:4:      cheibrodos_pilgrimage, layout_basic, ebering_ghost_disaster_area,
          palyth_stone_intersect, minmay_fractal_squares_gapless_5
D:5:      layout_cave_pools, lemuel_round_altar, serial_bayou_pond_c,
          minmay_holes, minivault_14, hangedman_glass_teeth
D:6:      layout_layer_cave, overflow_temple_1_default, kennysheep_mini_moat,
          minmay_temple_entry_stoned_glass, uniq_blork_the_orc
D:7:      layout_loops_corners, slow_altar_2
D:8:      layout_loops_ring, gammafunk_temple_overflow_arena, enter_bailey_2,
          ebering_ghost_rock_garden, uniq_maurice
Temple:   eino_temple_lava

Skill      XL: |  1  2  3  4  5  6  7  8  9 |
---------------+----------------------------+-----
Transmutations | 3 4 5 6 7 9 |  9.6
Spellcasting   | 3 4 |  4.2
Unarmed Combat | 5 6 |  6.4
Dodging        | 2 |  2.9
Fighting       | |  1.0

Action                   |  1- 3 |  4- 6 |  7- 9 || total
-------------------------+-------+-------+-------++-------
Melee: Short sword       |   101 |    49 |     2 ||   152
       Headbutt          |     4 |     1 |       ||     5
       Punch             |     1 |     1 |       ||     2
       Unarmed           |    13 |   106 |   280 ||   399
Throw: Dart              |       |     1 |       ||     1
 Cast: Beastly Appendage |     7 |     2 |       ||     9
       Spider Form       |     3 |    23 |    40 ||    66
       Sticks to Snakes  |     3 |     9 |     9 ||    21
       Blade Hands       |       |       |    10 ||    10
 Abil: Spit Poison       |     8 |     3 |       ||    11
  Use: Scroll            |     2 |     5 |    10 ||    17
       Potion            |       |     2 |     1 ||     3
 Stab: Distracted        |     1 |       |     1 ||     2
  Eat: Chunk             |     5 |    10 |    14 ||    29
       Ration            |       |     1 |     2 ||     3
Armor: Robe              |    31 |    10 |       ||    41
       Skin              |     1 |    11 |     5 ||    17
       Leather armour    |       |     8 |    18 ||    26
Dodge: Dodged            |    99 |   138 |   250 ||   487
